 Dungeon Crawl Stone Soup version 0.18.1-8-gdd0e5ea (webtiles) character file.

63 nikopol the Skirmisher (level 3, -4/34 HPs)
             Began as a Minotaur Berserker on June 11, 2016.
             Was a Priest of Trog.
             Killed by divine providence
             ... invoked by an orc priest
              (12 damage)
             ... on level 3 of the Dungeon.
             The game lasted 00:03:53 (1335 turns).

nikopol the Skirmisher (Minotaur Berserker)         Turns: 1335, Time: 00:03:53

Health: -4/34      AC:  5    Str: 21    XL:     3   Next: 89%
Magic:  2/2        EV: 11    Int:  4    God:    Trog [***...]
Gold:   108        SH:  0    Dex: 10    Spells: 0 memorised, 2 levels left

rFire  . . .     SeeInvis .     a - +0 spear
rCold  . . .     Gourm    .     e - +0 ring mail
rNeg   . . .     Faith    .     (no shield)
rPois  .         Spirit   .     (helmet restricted)
rElec  .         Dismiss  .     (no cloak)
rCorr  .         Reflect  .     (no gloves)
SustAt +         Harm     .     (no boots)
MR     .....                    (no amulet)
Stlth  ..........               (no ring)
                                f - ring of sustain attributes

@: not resistant to hostile enchantments, extremely unstealthy
A: retaliatory headbutt, horns 2
a: Berserk, Trog's Hand, Burn Spellbooks, Renounce Religion


You were on level 3 of the Dungeon.
You worshipped Trog.
Trog was most pleased with you.
You were not hungry.

You visited 1 branch of the dungeon, and saw 3 of its levels.

You collected 108 gold pieces.

Inventory:

Hand Weapons
 a - a +0 spear (weapon)
Missiles
 n - 28 arrows (quivered)
Armour
 b - a +0 animal skin
 e - a +0 ring mail (worn)
 g - a cursed +0 cloak
Jewellery
 f - a ring of sustain attributes (left hand)
Scrolls
 d - 2 scrolls of amnesia {unknown}
 i - a scroll of blinking {unknown}
 k - a scroll of fog {unknown}
 l - a scroll of noise {unknown}
 m - a scroll of immolation {unknown}
Potions
 h - a potion of agility {unknown}
 j - a potion of might {unknown}
Comestibles
 c - a bread ration


   Skills:
 + Level 4.4 Fighting
 + Level 4.3 Polearms
 + Level 3.1 Armour
 + Level 2.9 Dodging


You had 2 spell levels left.
You didn't know any spells.

Dungeon Overview and Level Annotations

Branches:
Dungeon (3/15)

Altars:
Nemelex Xobeh


Innate Abilities, Weirdness & Mutations

You reflexively headbutt those who attack you in melee.
You have a pair of horns on your head.


Message History

You completely miss the orc. The orc hits you with a flail.
The orc priest invokes the aid of Beogh against you.
Beogh smites you!
You hear a shout!
An adder comes into view.
You hit the orc. You headbutt the orc.
You kill the orc!
Trog accepts your kill.
A hobgoblin comes into view. It is wielding a club.
You closely miss the orc priest. You hit the orc priest.
The orc priest is moderately wounded.
The orc priest invokes the aid of Beogh against you.
Beogh smites you!
* * * LOW HITPOINT WARNING * * *
You're too hungry to go berserk.
Eat which item? (? for menu, Esc to quit)
The orc priest invokes the aid of Beogh against you.
Beogh smites you!
You die...

#..............
...............
....#..........
.......g.......
.............
#....S.....
#.oo...# . ##o##..#
###!# ..###@.#..##
..#.#
#....#%##..###...##
####....#.........#
##.#...........#
#...##........#
###....†......##
######.......###
#..........
#..........


You could see an orc priest, an adder, 2 orcs and a hobgoblin.

Vanquished Creatures
  An adder (D:3)
  A worm (D:2)
  A dart slug (D:2)
  A giant gecko (D:2)
  An orc (D:3)
  2 giant cockroaches
  11 goblins
  4 hobgoblins
  3 jackals (D:1)
  7 kobolds
  3 bats
  2 giant newts (D:2)
  6 rats
43 creatures vanquished.

Notes
Turn   | Place    | Note
--------------------------------------------------------------
     0 | D:1      | nikopol the Minotaur Berserker began the quest for the Orb.
     0 | D:1      | Reached XP level 1. HP: 19/19 MP: 0/0
   133 | D:1      | Reached XP level 2. HP: 18/27 MP: 1/1
   339 | D:1      | Reached ** piety under Trog
   715 | D:2      | Reached XP level 3. HP: 29/33 MP: 2/2
   891 | D:2      | Found a sparkling altar of Nemelex Xobeh.
  1332 | D:3      | Reached *** piety under Trog
  1335 | D:3      | Killed from afar by an orc priest

Skill      XL: |  1  2  3 |
---------------+----------+-----
Fighting       | 4 |  4.4
Polearms       | 4 |  4.3
Armour         | 3 |  3.1
Dodging        | |  2.9

Action                   || total
-------------------------++-------
Melee: Spear             ||    99
       Headbutt          ||    17
Invok: Burn Spellbooks   ||     1
  Eat: Bread ration      ||     1
Armor: Ring mail         ||    10
       Animal skin       ||     1
Dodge: Dodged            ||    29
